 Dungeon Crawl Stone Soup version 0.29.0-3-gbb0933ed62 (webtiles) character file.

Game seed: 12796380844790445226

691 Persephone the Shooter (level 7, 0/33 HPs)
             Began as a Spriggan Hunter on Aug 26, 2022.
             Slain by a gnoll
             ... wielding a +0 halberd
             ... led by a gnoll bouda
              (13 damage)
             ... on level 5 of the Dungeon.
             The game lasted 00:10:16 (4255 turns).

Persephone the Shooter (Spriggan Hunter)            Turns: 4255, Time: 00:10:17

Health: 0/33       AC:  3    Str:  7    XL:     7   Next: 36%
Magic:  8/8        EV: 21    Int: 10    God:
Gold:   299        SH:  0    Dex: 21    Spells: 6/6 levels left

rFire   . . .      SeeInvis +   a - +0 shortbow
rCold   . . .      Faith    .   (shield currently unavailable)
rNeg    . . .      Spirit   .   c - +0 robe
rPois   +          Reflect  .   (helmet restricted)
rElec   .          Harm     .   s - +0 cloak {rPois}
rCorr   .          Rampage  .   (gloves unavailable)
Will    +....                   (boots unavailable)
Stlth   ++++......              (no amulet)
HPRegen 0.11/turn               (no ring)
MPRegen 0.11/turn               (no ring)

@: very quick
A: very small, no large weapons, unfitting armour, see invisible, speed 3
a: no special abilities


You were on level 5 of the Dungeon.
You visited 1 branch of the dungeon, and saw 5 of its levels.

You collected 299 gold pieces.

Inventory:

Hand Weapons
 a - a +0 shortbow (weapon)
Armour
 c - a +0 robe (worn)
 s - a +0 cloak of poison resistance (worn)
Jewellery
 j - an amulet of magic regeneration
 p - an amulet of faith
Wands
 l - a wand of polymorph (7)
 m - a wand of light (7)
 r - a wand of digging (4)
Scrolls
 b - 2 scrolls of immolation
 d - a scroll of torment {unknown}
 h - a scroll of brand weapon {unknown}
 i - 4 scrolls of identify {unknown}
 k - 2 scrolls of fog {unknown}
 n - a scroll of amnesia {unknown}
 o - 3 scrolls of teleportation {unknown}
 q - a scroll of silence {unknown}
Potions
 e - 4 potions of heal wounds {unknown}
 f - 3 potions of curing {unknown}
 g - 3 potions of might {unknown}


   Skills:
 - Level 1.5 Fighting
 * Level 7.0 Ranged Weapons
 + Level 5.8 Dodging
 + Level 6.4 Stealth


You had 6 spell levels left.
You didn't know any spells.
Your spell library contained the following spells:

 Spells                   Type           Power      Damage    Failure   Level
 Beastly Appendage        Tmut           0%         N/A       36%         1
 Wereblood                Tmut           0%         N/A       50%         2
 Inner Flame              Hex/Fire       0%         N/A       75%         3
 Spider Form              Tmut/Pois      0%         N/A       75%         3
 Animate Dead             Necr           0%         N/A       98%         4
 Cause Fear               Hex            0%         N/A       98%         4
 Haunt                    Necr/Summ      0%         N/A       100%        7
 Discord                  Hex            0%         N/A       100%        8
 Infestation              Necr           0%         N/A       100%        8


Dungeon Overview and Level Annotations

Branches:
Dungeon (5/15)
 Temple: D:4-7

Altars:
Cheibriados
Fedhas
Trog


Innate Abilities, Weirdness & Mutations

You are very small and have problems with some larger weapons.
You are too small for most types of armour.
You have supernaturally acute eyesight. (SInv)
You cover ground extremely quickly. (Speed+++)


Message History

The gnoll misses you.
You shoot an arrow. The arrow closely misses the gnoll.
The arrow hits the gnoll bouda.
The gnoll bouda is almost dead.
The gnoll is no longer moving quickly.
The gnoll bouda mumbles some strange prayers to its god.
The gnoll bouda is healed somewhat.
The gnoll closely misses you.
You shoot an arrow. The arrow barely misses the gnoll.
The arrow barely misses the gnoll bouda.
The arrow hits the gnoll!
You kill the gnoll!
The gnoll hits you from afar with a +0 spear!
The gnoll is no longer moving quickly.
The gnoll bouda barks out a call to the hunt!
The gnolls pick up the pace!
You see here a staff of earth.
You shoot an arrow. The arrow closely misses the gnoll.
You shoot an arrow. The arrow completely misses the gnoll.
The gnoll hits you from afar with a +0 spear.
The gnoll bouda barks out a call to the hunt!
You shoot an arrow. The arrow hits the gnoll!
The gnoll is almost dead.
The gnoll completely misses you. The gnoll closely misses you.
You shoot an arrow. The arrow hits the gnoll.
The gnoll is almost dead.
The gnoll completely misses you.
You shoot an arrow. The arrow hits the gnoll!
You kill the gnoll!
The gnoll bouda gazes fiercely through you!
You feel your attacks grow feeble.
Your Ranged Weapons skill increases to level 7!
You shoot an arrow. The arrow hits the gnoll bouda!
You kill the gnoll bouda!
You shoot an arrow. The arrow barely misses the gnoll.
The arrow hits the orc.
The orc is almost dead.
The gnoll hits you from afar with a +0 halberd!
Your attacks no longer feel as feeble.
You open the door.
The gnoll hits you from afar with a +0 halberd!
You die...

#.#gg##.# #.#.g##.#
########### #.#..##.#
#)ogg.g...#
#.#..##g###.#######.#
#.....og.g)†# #.#
#...........#######g#
#.................#o#
+........######'..#g#
#........# #@.#.#
#........# #..#.##.#
##....#### #..g....#
#..... #...#####
#.... ####...#
#..#########....#>#
#..#.......<......#
#.#######....###
#.#............#


You could see a gnoll (swift).

Vanquished Creatures
  Sigmund (D:3)
  An ogre (D:3)
  The ghost of blobycou the Covered, an amateur DsFi (D:3)
  A necrophage (D:4)
  A hound (D:5)
  Crazy Yiuf (D:5)
  A gnoll bouda (D:5)
  An orc priest (D:3)
  2 jellies
  4 adders
  2 gnolls (D:5)
  5 worms
  2 dart slugs
  4 orcs
  4 endoplasms
  3 giant cockroaches
  4 goblins
  6 hobgoblins
  3 jackals (D:3)
  4 quokkas
  7 ball pythons
  3 frilled lizards
  5 kobolds
  9 rats
75 creatures vanquished.

Notes
Turn   | Place    | Note
-------+----------+-------------------------------------------
     0 | D:1      | Persephone the Spriggan Hunter began the quest for the Orb.
     0 | D:1      | Reached XP level 1. HP: 10/10 MP: 2/2
   166 | D:1      | Reached XP level 2. HP: 9/14 MP: 3/3
   458 | D:1      | You fall into a shaft and drop 1 floor!
   839 | D:1      | Found a faded altar of an unknown god.
  1377 | D:2      | Reached XP level 3. HP: 18/18 MP: 4/4
  1866 | D:3      | Found a runed translucent gate.
  1866 | D:3      | Found a runed translucent gate.
  1866 | D:3      | Found a runed translucent gate.
  1874 | D:3      | Noticed blobycou's ghost (amateur DsFi)
  1907 | D:3      | Noticed Sigmund
  1924 | D:3      | Reached skill level 5 in Ranged Weapons
  1924 | D:3      | Reached XP level 4. HP: 22/22 MP: 5/5
  2124 | D:3      | Noticed an ogre
  2146 | D:3      | Killed an ogre
  2147 | D:3      | Reached XP level 5. HP: 25/25 MP: 6/6
  2229 | D:3      | Killed Sigmund
  2230 | D:3      | Reached skill level 6 in Ranged Weapons
  2230 | D:3      | Reached skill level 5 in Dodging
  2230 | D:3      | Reached skill level 5 in Stealth
  2230 | D:3      | Reached XP level 6. HP: 25/30 MP: 7/7
  2457 | D:3      | Found a blossoming altar of Fedhas.
  2779 | D:3      | Killed blobycou's ghost
  2917 | D:4      | Found a snail-covered altar of Cheibriados.
  2918 | D:4      | Found a bloodstained altar of Trog.
  3062 | D:4      | Reached XP level 7. HP: 26/33 MP: 8/8
  3779 | D:5      | Entered Level 5 of the Dungeon
  3859 | D:5      | Found a runed translucent door.
  3860 | D:5      | Noticed Crazy Yiuf
  3881 | D:5      | Killed Crazy Yiuf
  4249 | D:5      | Reached skill level 7 in Ranged Weapons
  4255 | D:5      | Slain by a gnoll

Illustrated notes

Levels and vault maps discovered:
D:1:      onia_arrival_handbag, layout_loops_corners,
          ebering_ecumenical_altar_sacrificial
D:2:      layout_loops_ring
D:3:      layout_basic, mainiacjoe_overflow_six_doors_small,
          gammafunk_ghost_split, uniq_sigmund
D:4:      layout_basic, nicolae_overflow_squiral
D:5:      layout_basic, mainiacjoe_overflow_concentric_impassable,
          serial_rivers, chequers_serial_rivers_room_a,
          chequers_serial_rivers_micro_a, chequers_serial_rivers_small_b,
          chequers_serial_rivers_micro_a, chequers_serial_rivers_large_b,
          serial_shops, nicolae_stop_n_shop_2, uniq_crazy_yiuf_cottage

Skill      XL: |  1  2  3  4  5  6  7 |
---------------+----------------------+-----
Stealth        | 2 3 4 5 6 |  6.4
Dodging        | 3 4 5 |  5.8
Ranged Weapons | 5 6 7 |  7.0
Fighting       | |  1.5

Action                   |  1- 3 |  4- 6 |  7- 9 || total
-------------------------+-------+-------+-------++-------
 Fire: Shortbow          |   101 |   143 |    75 ||   319
Armor: Robe              |     2 |     2 |     4 ||     8
Dodge: Dodged            |    14 |    39 |    29 ||    82
